 Dungeon Crawl Stone Soup version 0.24.0-123-gd5b16e6ec5 (webtiles) character file.

Game seed: 17674050978886385185, levelgen mode: deterministic

2580 Curus the Spear-Bearer (level 9, -1/70 HPs)
             Began as a Minotaur Abyssal Knight on Feb 2, 2020.
             Was an Elder of Lugonu.
             Succumbed to a killer bee's poison
             ... on level 7 of the Dungeon.
             The game lasted 00:37:05 (7112 turns).

Curus the Spear-Bearer (Minotaur Abyssal Knight)    Turns: 7112, Time: 00:37:05

Health: -1/70      AC: 13    Str: 17    XL:     9   Next: 32%
Magic:  14/14      EV:  5    Int:  9    God:    Lugonu [****..]
Gold:   459        SH:  0    Dex: 13    Spells: 8/8 levels left

rFire    . . .     SeeInvis .   a - +1 spear
rCold    . . .     Gourm    .   (no shield)
rNeg     . . .     Faith    .   j - +1 plate armour
rPois    .         Spirit   .   (helmet restricted)
rElec    .         Reflect  .   (no cloak)
rCorr    .         Harm     .   p - +0 pair of gloves
MR       .....                  (no boots)
Stlth    ..........             (no amulet)
HPRegen  0.21/turn              (no ring)
MPRegen  0.14/turn              (no ring)

@: lethally poisoned (-1 -> -16)
A: retaliatory headbutt, horns 2
a: Depart the Abyss, Bend Space, Banish, Corrupt, Renounce Religion


You were on level 7 of the Dungeon.
You worshipped Lugonu.
Lugonu was greatly pleased with you.
You were hungry.

You visited 1 branch of the dungeon, and saw 7 of its levels.
You visited the Abyss 1 time.

You collected 459 gold pieces.

Inventory:

Hand Weapons
 a - a +1 spear (weapon)
Armour
 b - a +0 leather armour
 j - a +1 plate armour (worn)
 k - a +2 scale mail of fire resistance
 p - a +0 pair of gloves (worn)
Jewellery
 l - an uncursed ring of wizardry
Wands
 g - a wand of digging (6)
 o - a wand of paralysis (4)
Scrolls
 d - 5 scrolls of identify
 e - a scroll of teleportation
 f - 2 scrolls of magic mapping
 i - 4 scrolls of remove curse
 m - 2 scrolls of blinking
Potions
 h - a potion of brilliance
Comestibles
 c - 7 rations


   Skills:
 - Level 3.6 Fighting
 * Level 11.2 Polearms
 - Level 2.4 Armour
 - Level 1.1 Dodging
 + Level 8.9 Invocations


You had 8 spell levels left.
You didn't know any spells.
Your spell library was empty.

Dungeon Overview and Level Annotations

Branches:
Dungeon (7/15)             Temple (0/1) D:5

Altars:
Ashenzari
Xom

Shops:
D:5 *


Innate Abilities, Weirdness & Mutations

You reflexively headbutt those who attack you in melee.
You have a pair of horns on your head.


Message History

The killer bee is almost dead.
* * * LOW HITPOINT WARNING * * *
You feel sick. The killer bee barely misses you.
You hit the killer bee.
You kill the killer bee!
Lugonu accepts your kill.
* * * LOW HITPOINT WARNING * * *
You feel sick.
* * * LOW HITPOINT WARNING * * *
You feel sick.
You see here a killer bee corpse.
* * * LOW HITPOINT WARNING * * *
You feel sick.
* * * LOW HITPOINT WARNING * * *
You feel sick.
* * * LOW HITPOINT WARNING * * *
You feel sick.
* * * LOW HITPOINT WARNING * * *
You feel sick.
You die...

### #.# #.# #.# ###
#.. ..#
########.########.####
...........†.........#
########†####.....##.#
.........# #.#.@..#
########## #.##.....#
#.##........
#.#.....#### ........#
# #.#.....# ......#
......#


There were no monsters in sight!

Vanquished Creatures
  Pikel (D:5)
  Edmund (D:4)
  An orc warrior (D:6)
  2 sky beasts (D:6)
  A phantom (D:4)
  3 ogres
  A centaur (D:5)
  A bullfrog (D:6)
  2 scorpions
  4 killer bees (D:7)
  3 crimson imps
  2 centaur skeletons (D:6)
  2 orc priests
  2 hounds
  4 orc wizards
  Ijyb (D:5)
  A bullfrog skeleton (D:5)
  3 iguanas
  3 worker ants
  A hound zombie (D:6)
  A hound skeleton (D:4)
  A worker ant zombie (D:7)
  5 gnolls
  8 adders
  An adder skeleton (D:5)
  3 worms
  4 dart slugs
  3 leopard geckos
  12 orcs
  2 giant cockroaches (D:1)
  5 hobgoblins
  11 jackals
  2 quokkas
  A ball python (D:2)
  4 bats
  10 frilled lizards
  8 goblins
  11 kobolds
  2 quokka skeletons
  7 rats
140 creatures vanquished.

Vanquished Creatures (others)
  A vampire (D:6)
  2 orcs (D:4)
  A giant cockroach (D:4)
4 creatures vanquished.

Grand Total: 144 creatures vanquished

Notes
Turn   | Place    | Note
-------+----------+-------------------------------------------
     0 | Abyss:1  | Curus the Minotaur Abyssal Knight began the quest for the
                  | Orb.
     0 | Abyss:1  | Reached XP level 1. HP: 19/19 MP: 1/1
    15 | D:1      | Escaped the Abyss
   151 | D:1      | Reached skill level 3 in Polearms
   151 | D:1      | Reached XP level 2. HP: 24/26 MP: 2/2
   897 | D:2      | Reached XP level 3. HP: 31/31 MP: 2/4
  1159 | D:2      | Reached ** piety under Lugonu
  1171 | D:2      | Reached skill level 4 in Polearms
  1179 | D:2      | Reached XP level 4. HP: 6/39 MP: 5/5
  2386 | D:3      | Reached XP level 5. HP: 10/45 MP: 6/6
  3064 | D:4      | Noticed a phantom
  3111 | D:4      | Killed a phantom
  3111 | D:4      | Reached skill level 5 in Polearms
  3450 | D:4      | Reached XP level 6. HP: 51/51 MP: 8/8
  3497 | D:4      | Reached *** piety under Lugonu
  3501 | D:4      | Noticed Edmund
  3543 | D:4      | Killed Edmund
  3543 | D:4      | Reached skill level 6 in Polearms
  3543 | D:4      | Reached skill level 5 in Invocations
  3897 | D:4      | Found a shimmering altar of Xom.
  4134 | D:5      | Entered Level 5 of the Dungeon
  4201 | D:5      | Reached XP level 7. HP: 50/57 MP: 10/10
  4222 | D:5      | Noticed Ijyb
  4230 | D:5      | Paralysed by Ijyb for 3 turns
  4249 | D:5      | Paralysed by Ijyb for 5 turns
  4273 | D:5      | Killed Ijyb
  4312 | D:5      | HP: 2/57 [poisoned by Ijyb]
  4320 | D:5      | HP: 2/57 [poisoned by Ijyb]
  4806 | D:5      | Noticed Pikel
  4827 | D:5      | Paralysed by Pikel for 7 turns
  4838 | D:5      | Killed Pikel
  4838 | D:5      | Reached skill level 8 in Polearms
  4838 | D:5      | Reached XP level 8. HP: 36/64 MP: 10/12
  4925 | D:5      | Found Atiex's Lightly-Used Armoury.
  4994 | D:5      | Found a shattered altar of Ashenzari.
  5221 | D:5      | Found a staircase to the Ecumenical Temple.
  5654 | D:5      | Reached skill level 9 in Polearms
  6114 | D:6      | Reached skill level 10 in Polearms
  6202 | D:6      | Reached **** piety under Lugonu
  6301 | D:6      | Reached XP level 9. HP: 58/70 MP: 14/14
  7083 | D:7      | Reached skill level 11 in Polearms
  7109 | D:7      | HP: 3/70 [poisoned by a killer bee]
  7111 | D:7      | HP: 1/70 [poisoned by a killer bee]
  7112 | D:7      | Succumbed to a killer bee's poison

Levels and vault maps discovered:
D:1:      dpeg_arrival_rooms_a, layout_loops_ring
D:2:      wad_crossroads, layout_loops_corners, kennysheep_generic_room_10
D:3:      layout_loops_ring, first_ration
D:4:      layout_gridville, xom_confusion_cloud, uniq_edmund
D:5:      layout_basic, minmay_temple_entry_metal_lava, minmay_shop_damaged,
          ashenzari_altar_1, uniq_pikel, uniq_ijyb
D:6:      hangedman_cross_stitches, layout_layer_cave, enter_ossuary_1
D:7:      layout_basic, lemuel_round_altar, basic_altar

Skill      XL: |  1  2  3  4  5  6  7  8  9 |
---------------+----------------------------+-----
Invocations    | 2 3 4 5 6 8 |  8.9
Polearms       | 3 4 5 6 8 10 11 | 11.2
Fighting       | |  3.6
Armour         | |  2.4
Dodging        | |  1.1

Action                   |  1- 3 |  4- 6 |  7- 9 || total
-------------------------+-------+-------+-------++-------
Melee: Spear             |    89 |   233 |   419 ||   741
       Headbutt          |     7 |    23 |    66 ||    96
Invok: Banish            |       |       |     1 ||     1
  Use: Scroll            |     3 |     3 |     2 ||     8
       Potion            |     3 |     4 |     4 ||    11
  Eat: Chunk             |     1 |     5 |     7 ||    13
       Ration            |       |     1 |     1 ||     2
Armor: Leather armour    |    10 |    19 |       ||    29
       Plate armour      |       |    22 |   151 ||   173
       Scale mail        |       |     1 |       ||     1
Dodge: Dodged            |    37 |    77 |    66 ||   180
